 Dungeon Crawl Stone Soup version 0.29-a0-823-gc37b1572da (webtiles) character file.

Game seed: 14593569268458541585

2545 avis the Frost Mage (level 9, -4/71 HPs)
             Began as a Demigod Ice Elementalist on July 8, 2022.
             Slain by an orc warrior
             ... wielding a +0 war axe
              (19 damage)
             ... in a bailey.
             The game lasted 00:45:52 (7474 turns).

avis the Frost Mage (Demigod Ice Elementalist)      Turns: 7474, Time: 00:45:52

Health: -4/71      AC: 16    Str:  9    XL:     9   Next: 9%
Magic:  8/20       EV: 14    Int: 17    God:
Gold:   381        SH:  0    Dex: 26    Spells: 11/18 levels left

rFire   . . .      SeeInvis .   b - +0 shortbow
rCold   . . .      Faith    .   (shield currently unavailable)
rNeg    . . .      Spirit   .   x - +1 robe {Will+}
rPois   +          Reflect  .   y - +0 helmet
rElec   .          Harm     .   (no cloak)
rCorr   .          Rampage  .   (no gloves)
Will    +....                   f - +0 pair of boots
Stlth   +++.......              (no amulet)
HPRegen 0.21/turn               c - +4 ring of protection
MPRegen 0.17/turn               i - ring of poison resistance

@: ice-armoured
A: high MP 1, forlorn, divine attributes
a: no special abilities


You were in a bailey.
You visited 2 branches of the dungeon, and saw 8 of its levels.
You also visited: Bailey.

You collected 381 gold pieces.

Inventory:

Hand Weapons
 a - a +0 falchion
 b - a +0 shortbow (weapon)
 w - a +4 flail of holy wrath
Missiles
 e - 13 boomerangs
 H - 3 boomerangs of dispersal
Armour
 f - a +0 pair of boots (worn)
 x - a +1 robe of willpower (worn)
 y - a +0 helmet (worn)
Jewellery
 c - a +4 ring of protection (left hand)
 i - a ring of poison resistance (right hand)
 G - a ring of protection from cold
Wands
 I - a wand of iceblast (5)
 L - a wand of flame (24)
Scrolls
 l - 5 scrolls of teleportation {unknown}
 m - 3 scrolls of brand weapon {unknown}
 p - 5 scrolls of noise {unknown}
 s - a scroll of blinking
 E - 2 scrolls of vulnerability {unknown}
 F - 2 scrolls of fear {unknown}
 J - a scroll of enchant armour {unknown}
Potions
 d - a potion of heal wounds {unknown}
 g - 2 potions of ambrosia
 k - 5 potions of curing
 o - a potion of resistance
 q - a potion of berserk rage
 t - a potion of magic
 v - 2 potions of lignification
 z - a potion of haste {unknown}
 D - a potion of invisibility {unknown}


   Skills:
 - Level 4.0 Fighting
 * Level 5.2 Ranged Weapons
 - Level 3.0 Dodging
 - Level 3.0 Stealth
 - Level 5.0 Spellcasting
 - Level 8.0 Ice Magic


You had 11 spell levels left.
You knew the following spells:

 Your Spells              Type           Power      Damage    Failure   Level
a - Freeze                Ice            100%       1d11      1%          1
o - Ozocubu's Armour      Ice            31%        N/A       1%          3
r - Frozen Ramparts       Ice            62%        1d8       1%          3

Your spell library contained the following spells:

 Spells                   Type           Power      Damage    Failure   Level
 Passwall                 Tmut/Erth      3%         N/A       22%         2
 Hailstorm                Conj/Ice       17%        3d6       26%         4
 Portal Projectile        Hex/Tloc       8%         N/A       38%         3
 Spider Form              Tmut/Pois      4%         N/A       38%         3
 Tukima's Dance           Hex            4%         N/A       38%         3
 Olgreb's Toxic Radiance  Pois           4%         N/A       80%         4
 Passage of Golubria      Tloc           4%         N/A       80%         4
 Alistair's Intoxication  Tmut/Pois      2%         N/A       98%         5
 Blade Hands              Tmut           2%         N/A       98%         5
 Silence                  Hex/Air        2%         N/A       98%         5
 Ozocubu's Refrigeration  Ice            15%        4d8       99%         7
 Ignition                 Fire           2%         3d3       100%        8
 Lehudib's Crystal Spear  Conj/Erth      2%         10d2      100%        8


Dungeon Overview and Level Annotations

Branches:
Dungeon (7/15)             Temple (1/1) D:6          Bailey (1/1)

Shops:
D:3 :

Portals:
Abyss: D:3

Annotations:
D:3 2 transporters, avis's ghost, amateur DgIE


Innate Abilities, Weirdness & Mutations

You have an increased reservoir of magic. (+10% MP)
You shall have no god before yourself.
Your divine heritage dramatically boosts your attributes as you level up.


Message History

The orc knight splashes around in the water.
The orc warrior barely misses you.
Casting: Freeze (safe; 1% risk of failure)
Confirm with . or Enter, or press ? or * to list all spells.
Aiming: Freeze (safe; 1% risk of failure)
Press: ? - help, Shift-Dir - straight line, f/p - orc knight
Aim: an orc knight, wielding a +0 broad axe and wearing a +0 chain mail (almost dead)
You freeze the orc knight.
The orc knight is almost dead.
The orc knight splashes around in the water.
The orc warrior misses you.
Casting: Freeze (safe; 1% risk of failure)
Confirm with . or Enter, or press ? or * to list all spells.
Aiming: Freeze (safe; 1% risk of failure)
Press: ? - help, Shift-Dir - straight line, f/p - orc knight
Aim: an orc knight, wielding a +0 broad axe and wearing a +0 chain mail (almost dead)
You freeze the orc knight.
The orc knight is almost dead.
The orc knight hits you with a +0 broad axe.
* * * LOW HITPOINT WARNING * * *
The orc warrior closely misses you.
Casting: Freeze (safe; 1% risk of failure)
Confirm with . or Enter, or press ? or * to list all spells.
Aiming: Freeze (safe; 1% risk of failure)
Press: ? - help, Shift-Dir - straight line, f/p - orc knight
Aim: an orc knight, wielding a +0 broad axe and wearing a +0 chain mail (almost dead)
You freeze the orc knight.
The orc knight is almost dead.
The orc knight splashes around in the water.
The orc warrior hits you but does no damage.
Casting: Freeze (safe; 1% risk of failure)
Confirm with . or Enter, or press ? or * to list all spells.
Aiming: Freeze (safe; 1% risk of failure)
Press: ? - help, Shift-Dir - straight line, f/p - orc knight
Aim: an orc knight, wielding a +0 broad axe and wearing a +0 chain mail (almost dead)
You freeze the orc knight!
You kill the orc knight!
You hear a splash. x2
The orc warrior hits you with a +0 war axe!!
You die...

...'.....#......
...'.....#....∩.
...'.÷...#g.....
†.†#....##8.8...
..##....#≈?.....
.##....)#≈)..... .
##......##≈≈≈#≈≈ ##...
#........#########......
#..8..8..).'....@o......
#..........#≈≈≈≈)#......
##.........#≈≈≈≈≈# ..8..
≈##...8...##≈≈≈≈≈# ....
≈ ##.....##.......# ...
##...##.........# $!
#### ♣♣♣.....♣♣♣ #
♣♣♣∩♣♣♣


You could see an orc warrior (strong).

Vanquished Creatures
  An orc knight (Bailey)
  A steam dragon (D:5)
  Menkaure (D:4)
  Edmund (D:5)
  2 water moccasins
  Duvessa (D:4)
  An orc warrior (Bailey)
  5 black bears
  3 ogres (D:5)
  A centaur (D:5)
  A phantom (D:6)
  3 scorpions
  Dowan (D:4)
  3 hounds
  A jelly (D:6)
  2 orc priests
  5 iguanas
  6 orc wizards
  Terence (D:2)
  3 gnolls (D:2)
  9 adders
  A shadow imp (D:5)
  6 worms
  4 dart slugs
  18 orcs
  3 ball pythons
  6 endoplasms
  A giant cockroach (D:1)
  4 hobgoblins
  2 jackals (D:2)
  15 kobolds
  3 quokkas
  6 bats
  2 frilled lizards
  8 goblins
  8 rats
139 creatures vanquished.

Notes
Turn   | Place    | Note
-------+----------+-------------------------------------------
     0 | D:1      | avis the Demigod Ice Elementalist began the quest for the
                  | Orb.
     0 | D:1      | Reached XP level 1. HP: 14/14 MP: 5/5
   138 | D:1      | Reached skill level 1 in Fighting
   355 | D:1      | Reached XP level 2. HP: 15/23 MP: 4/7
  1291 | D:2      | Noticed Terence
  1429 | D:2      | Reached XP level 3. HP: 23/28 MP: 6/10
  1486 | D:2      | Learned a level 3 spell: Ozocubu's Armour
  1490 | D:2      | Learned a level 3 spell: Frozen Ramparts
  1529 | D:2      | Reached skill level 4 in Ice Magic
  1878 | D:2      | Killed Terence
  1879 | D:2      | Reached XP level 4. HP: 35/35 MP: 3/11
  2463 | D:3      | Reached skill level 5 in Ice Magic
  2543 | D:3      | Reached XP level 5. HP: 40/40 MP: 7/12
  2641 | D:3      | Found a transporter.
  2646 | D:3      | Noticed avis's ghost (amateur DgIE)
  3043 | D:3      | Found Kautefia's Book Emporium.
  3164 | D:3      | Found a one-way gate to the infinite horrors of the Abyss.
  3165 | D:3      | Found a transporter.
  3341 | D:4      | Noticed Menkaure
  3472 | D:4      | HP: 2/40 [Menkaure (3)]
  3473 | D:4      | Killed Menkaure
  3474 | D:4      | Reached XP level 6. HP: 2/47 MP: 11/15
  3482 | D:4      | HP: 2/47 [adder (1)]
  3960 | D:4      | Noticed Duvessa
  3960 | D:4      | Noticed Dowan
  3975 | D:4      | Killed Duvessa
  3976 | D:4      | Reached skill level 6 in Ice Magic
  3990 | D:4      | Killed Dowan
  4516 | D:4      | Got the Tome of the Assassin and Grit
  4795 | D:5      | Entered Level 5 of the Dungeon
  4858 | D:5      | Reached XP level 7. HP: 54/55 MP: 11/17
  4961 | D:5      | Reached skill level 5 in Spellcasting
  5195 | D:5      | Noticed Edmund
  5200 | D:5      | Killed Edmund
  5201 | D:5      | Reached skill level 7 in Ice Magic
  5625 | D:5      | Reached skill level 8 in Ice Magic
  5625 | D:5      | Reached XP level 8. HP: 62/62 MP: 12/19
  5681 | D:5      | Reached skill level 1 in Ranged Weapons
  6570 | D:6      | Found a staircase to the Ecumenical Temple.
  6588 | Temple   | Entered the Ecumenical Temple
  6874 | D:6      | Reached XP level 9. HP: 68/71 MP: 14/20
  7184 | D:7      | Found a flagged portal.
  7195 | Bailey   | Entered a bailey
  7261 | Bailey   | Noticed an orc warlord
  7312 | Bailey   | Reached skill level 5 in Ranged Weapons
  7457 | Bailey   | Noticed an orc knight
  7474 | Bailey   | Killed an orc knight
  7474 | Bailey   | Slain by an orc warrior

Illustrated notes

Levels and vault maps discovered:
D:1:      saegor_arrival_miasma, layout_loops_ring, minmay_heptomino_o4
D:2:      layout_loops_ring, uniq_terence
D:3:      layout_basic, overflow_temple_1_default,
          gammafunk_ghost_abyssal_escape, serial_shops, nicolae_shop_trees,
          dreamdust_ecumenical_altar_grove, st_stairs_11
D:4:      layout_loops_cross, old_standard_altar, uniq_menkaure, uniq_duvessa
D:5:      layout_loops_ring, minmay_pentangle, uniq_edmund
D:6:      layout_loops_ring, nemelex_xobeh_ov_fountains_minmay,
          minmay_temple_entry_steel_oval, grunt_ministairs_1,
          nicolae_zen_rock_garden
D:7:      layout_loops_corners, enter_bailey_2, uniq_prince_ribbit1
Temple:   nicolae_temple_superstar
Bailey:   bailey_axe_bossmonster_kennysheep, bailey

Skill      XL: |  1  2  3  4  5  6  7  8  9 |
---------------+----------------------------+-----
Fighting       | 1 2 4 |  4.0
Spellcasting   | 2 3 4 5 |  5.0
Ice Magic      | 4 5 6 8 |  8.0
Ranged Weapons | 4 5 |  5.2
Stealth        | 3 |  3.0
Dodging        | 3 |  3.0

Action                   |  1- 3 |  4- 6 |  7- 9 || total
-------------------------+-------+-------+-------++-------
Melee: Falchion          |       |     4 |     1 ||     5
       Short sword       |       |    14 |       ||    14
 Fire: Sling             |       |    35 |    14 ||    49
       Shortbow          |       |       |   124 ||   124
 Cast: Freeze            |    65 |    84 |    74 ||   223
       Ozocubu's Armour  |     2 |    13 |    23 ||    38
       Frozen Ramparts   |       |       |    13 ||    13
  Use: Scroll            |       |       |     8 ||     8
 Stab: Sleeping          |       |     1 |     1 ||     2
Armor: Robe              |     8 |    29 |    73 ||   110
Dodge: Dodged            |    32 |    46 |    83 ||   161

Table legend: (Time is in decaauts)
 A = Elapsed time spent in this place.
 B = Non-inter-level travel time spent in this place.
 C = Inter-level travel time spent in this place.
 D = Time resting spent in this place.
 E = Time spent auto-exploring this place.
 F = Levels seen in this place.
 G = Mean time per level.
                   A        B        C        D        E       F      G
               +--------+--------+--------+--------+--------+-----+--------+
         Total |   7533 |   6943 |    590 |   2557 |   2866 |   9 |  837.0 |
       Dungeon |   7219 |   6629 |    590 |   2461 |   2866 |   7 | 1031.3 |
        Temple |     25 |     25 |      0 |      0 |      0 |   1 |   25.0 |
        Bailey |    289 |    289 |      0 |     96 |      0 |   1 |  289.0 |
               +--------+--------+--------+--------+--------+-----+--------+

Top non-repeatable levels by time:
     D:4: 1514 daAuts
     D:5: 1454 daAuts
     D:2: 1244 daAuts
     D:1: 1175 daAuts
     D:3: 925 daAuts
     D:6: 869 daAuts
  Bailey: 289 daAuts
     D:7: 34 daAuts
  Temple: 25 daAuts
